 Dungeon Crawl Stone Soup version 0.29-a0-270-g1586fc07ea (webtiles) character file.

Game seed: 7600487324180573283

26269 enile the Fighter (level 13, -19/121 (139) HPs)
             Began as an Ogre Fire Elementalist on Mar 7, 2022.
             Was an Initiate of Gozag.
             Killed from afar by Nergalle (40 damage)
             ... with a bolt of negative energy
             ... on level 2 of the Lair of Beasts.
             The game lasted 00:39:17 (21498 turns).

enile the Fighter (Ogre Fire Elementalist)         Turns: 21498, Time: 00:39:18

HP:   -19/121 (139) AC:  9    Str: 15    XL:     13   Next: 24%
MP:   0/26          EV: 11    Int: 20    God:    Gozag
Gold: 2081          SH:  0    Dex: 12    Spells: 13/30 levels left

rFire   . . .      SeeInvis .   U - +8 war axe of Corruption {vamp, rElec rPois Dex+3 Stlth+}
rCold   . . .      Faith    .   (no shield)
rNeg    . . .      Spirit   +   R - +2 robe
rPois   +          Reflect  .   (helmet restricted)
rElec   +          Harm     .   (no cloak)
rCorr   .          Rampage  .   (gloves unavailable)
Will    +....                   (boots unavailable)
Stlth   +++.......              H - amulet of guardian spirit
HPRegen 0.30/turn               t - +4 ring of protection
MPRegen 0.20/turn               y - ring of wizardry

@: very slightly contaminated, heavily drained
A: large, unfitting armour, tough skin 1
a: Renounce Religion, Potion Petition, Call Merchant, Bribe Branch


You were on level 2 of the Lair of Beasts.
You worshipped Gozag.
Gozag was most pleased with you.
You visited 2 branches of the dungeon, and saw 13 of its levels.
You also visited: Sewer and Ossuary.

You collected 2711 gold pieces.
You spent 630 gold pieces at shops.

Inventory:

Hand Weapons
 f - a +0 spear
 i - a +2 hand axe of distortion
 o - a +3 dagger
 s - a +4 rapier of venom
 z - a +0 club
 A - a +0 club
 Q - a +0 scimitar of flaming
 U - the +8 war axe of Corruption (weapon) {vamp, rElec rPois Dex+3 Stlth+}
   (You took it off a wight on level 10 of the Dungeon)

   It occasionally heals its wielder for a portion of the damage dealt when it
   wounds a living foe.
   Dex:       It affects your dexterity (+3).
   rElec:     It insulates you from electricity.
   rPois:     It protects you from poison.
   Stlth:     It makes you more stealthy.
Armour
 a - a +0 robe
 u - a +0 tower shield
 R - a +2 robe (worn)
 V - a +0 kite shield
Jewellery
 t - a +4 ring of protection (left hand)
 y - a ring of wizardry (right hand)
 C - a +4 ring of protection
 H - an amulet of guardian spirit (around neck)
 P - a ring of positive energy
Wands
 F - a wand of polymorph (12)
 I - a wand of mindburst (5)
 O - a wand of flame (3) (quivered)
Scrolls
 d - 5 scrolls of teleportation
 g - 5 scrolls of noise
 h - 3 scrolls of blinking
 l - 3 scrolls of amnesia
 m - 3 scrolls of magic mapping
 r - 2 scrolls of vulnerability
 x - 3 scrolls of fog
 B - 2 scrolls of silence
 K - a scroll of fear
 L - 4 scrolls of enchant armour
 M - a scroll of torment
 N - 2 scrolls of identify
 S - a scroll of enchant weapon
Potions
 b - 2 potions of magic
 e - 3 potions of attraction
 j - 2 potions of haste
 k - a potion of lignification
 n - 2 potions of curing
 p - 2 potions of cancellation {unknown}
 q - a potion of mutation {unknown}
 v - 3 potions of degeneration
 w - 2 potions of resistance
 D - 5 potions of heal wounds
 E - a potion of might {unknown}
 G - 6 potions of flight
 J - 2 potions of brilliance {unknown}
Miscellaneous
 T - a tin of tremorstones (inert)


   Skills:
 + Level 11.9 Fighting
 - Level 4.0 Short Blades
 - Level 3.3 Axes
 - Level 5.0 Dodging
 - Level 3.0 Stealth
 - Level 9.0 Spellcasting
 - Level 8.7 Conjurations
 - Level 10.0 Fire Magic
 - Level 6.0 Evocations


You had 13 spell levels left.
You knew the following spells:

 Your Spells              Type           Power      Damage    Failure   Level
a - Foxfire               Conj/Fire      100%       2x1d9     1%          1
b - Scorch                Fire           98%        2d10      1%          2
c - Inner Flame           Hex/Fire       29%        N/A       1%          3
d - Fireball              Conj/Fire      23%        3d11      1%          5
e - Starburst             Conj/Fire      23%        6d8       11%         6

Your spell library contained the following spells:

 Spells                   Type           Power      Damage    Failure   Level
 Conjure Flame            Conj/Fire      46%        6-21      1%          3
 Flame Wave               Conj/Fire      46%        2d10      1%          4
 Tukima's Dance           Hex            9%         N/A       9%          3
 Cause Fear               Hex            4%         N/A       28%         4
 Leda's Liquefaction      Hex/Erth       4%         N/A       28%         4
 Passage of Golubria      Tloc           9%         N/A       28%         4
 Lee's Rapid Deconstruct  Erth           4%         3d6*      61%         5
 Silence                  Hex/Air        4%         N/A       61%         5
 Yara's Violent Unravell  Hex/Tmut       4%         3d4       61%         5
 Ignition                 Fire           24%        3d8       96%         8
 Statue Form              Tmut/Erth      6%         N/A       98%         6
 Discord                  Hex            4%         N/A       100%        8
 Lehudib's Crystal Spear  Conj/Erth      13%        10d4      100%        8


Dungeon Overview and Level Annotations

Branches:
Dungeon (11/15)            Temple (0/1) D:6            Lair (2/6) D:10
    Orc (0/2) D:11          Sewer (visited)         Ossuary (visited)
  Swamp: Lair:2-4    Shoals: Lair:2-4     Snake: Lair:2-4    Spider: Lair:2-4

Altars:
Ashenzari
Gozag
Kikubaaqudgha
Okawaru
Vehumet
The Shining One

Shops:
D:5 *!=[(

Annotations:
D:4 Edmund
Lair:2 Nergalle


Innate Abilities, Weirdness & Mutations

You are too large for most types of armour.
You have tough skin. (AC +1)


Message History

You feel drained. The spectral orc knight hits you.
You barely miss Nergalle.
Nergalle is almost dead.
You hit the spectral orc warrior. You slash the spectral orc knight!
You hit the spectral orc knight.
You barely miss the spectral orc knight.
Nergalle casts a spell at you.
Orcish apparitions take form around you.
The spectral orc knight closely misses you.
The spectral orc warrior closely misses you.
The spectral orc knight hits you!
The spectral orc knight hits you with a +2 dire flail!
The spectral orc warrior hits you from afar with a +0 halberd!
Nergalle hits you with a +2 dagger of venom!
* * * LOW HITPOINT WARNING * * *
The spectral orc warrior hits you but does no damage.
The spectral orc knight hits you with a +0 great sword.
* * * LOW HITPOINT WARNING * * *
Okay, then.
Blink to where?
Press: ? - help, Dir - move target
As you read the scroll of blinking, it crumbles to dust.
Aiming: Mindburst
Press: ? - help, Shift-Dir - straight line, f - Nergalle
Aim: Nergalle, wielding a +2 dagger of venom and wearing a +0 robe (almost dead, chance to affect: 53%)
Okay, then.
As you read the scroll labelled GOEZXU WOMAMNI, it crumbles to dust.
Your body is wracked with pain!
* * * LOW HITPOINT WARNING * * *
Nergalle convulses!
It was a scroll of torment.
Aiming: Throw Flame
Press: ? - help, Q - select action, (/) - cycle Shift-Dir - straight line, f - spectral orc warrior
Aim: a spectral orc warrior, wielding a +0 halberd and wearing a +0 plate armour (summoned, 91% to hit)
Okay, then.
Nergalle points at you and mumbles some strange words.
The bolt of negative energy hits the spectral orc warrior.
The spectral orc warrior completely resists.
The bolt of negative energy hits you!!!
You feel drained.
You die...
Your body crumbles into a pile of gold.

#.<...#......##
##ZZZ........#
#.Z##.......#.# ...
#Zo.##........# ... ###
#Z..P....#....... ...
#.# ###Z.^...#.##.....
...####)#####........###
###P.
...................###
..
................@..###
...................#.#
....................##
...###.##########..###
... ### #.....# ...
#.#...# ... ###..## ...
#...# ... #...##


You could see Nergalle, 3 spectral orc warriors and 3 spectral orc knights.

Vanquished Creatures
  Gastronok (Lair:2)
  A hydra (Lair:1)
  A manticore (D:11)
  A cyclops (D:7)
  2 black mambas
  2 cane toads (Lair:1)
  A rime drake (Lair:1)
  4 komodo dragons (Lair:1)
  Psyche (D:9)
  3 trolls
  A hornet (D:9)
  Prince Ribbit (D:9)
  3 wyverns
  A wraith (D:10)
  Eustachio (D:3)
  22 yaks
  A basilisk (D:10)
  3 vampire mosquitoes (D:8)
  5 water moccasins
  2 ice beasts (D:6)
  A sky beast (D:6)
  An orc warrior (D:6)
  9 wolves
  5 centaurs
  A phantom (D:6)
  2 wyvern zombies (Ossuary)
  A gnoll sergeant (D:11)
  3 bullfrogs
  A scorpion (D:6)
  A water moccasin zombie (Ossuary)
  5 wights
  A necrophage (D:5)
  15 killer bees
  4 howler monkeys
  3 bullfrog zombies (Ossuary)
  2 centaur zombies (Ossuary)
  6 hounds
  2 orc priests
  A gnoll shaman (D:8)
  2 iguanas
  5 orc wizards
  A killer bee zombie (Ossuary)
  12 mummies (Ossuary)
  2 howler monkey zombies (Ossuary)
  9 gnolls
  9 adders
  3 river rats (Sewer)
  2 shadow imps
  A white imp (D:8)
  An ufetubus (D:6)
  7 worms
  3 dart slugs (D:3)
  24 orcs
  6 endoplasms
  15 giant cockroaches
  3 goblins
  4 hobgoblins
  4 jackals
  6 kobolds
  A quokka (Sewer)
  14 ball pythons
  12 bats
  10 frilled lizards
  9 rats
286 creatures vanquished.

Vanquished Creatures (collateral kills)
  A mummy (Ossuary)
  2 foxfires
3 creatures vanquished.

Vanquished Creatures (others)
  Erica (D:9)
  3 mummies (Ossuary)
  An orc wizard (D:9)
  319 foxfires
  15 fungi
  16 plants
  9 withered plants (Ossuary)
364 creatures vanquished.

Grand Total: 653 creatures vanquished

Notes
Turn   | Place    | Note
-------+----------+-------------------------------------------
     0 | D:1      | enile the Ogre Fire Elementalist began the quest for the
                  | Orb.
     0 | D:1      | Reached XP level 1. HP: 16/16 MP: 3/3
    79 | D:1      | Found a faded altar of an unknown god.
   137 | D:1      | Reached skill level 1 in Fighting
   279 | D:1      | Reached skill level 2 in Fighting
   341 | D:1      | Reached XP level 2. HP: 25/28 MP: 0/5
   454 | D:1      | Prayed at the altar of an unknown god.
   454 | D:1      | Became a worshipper of Gozag Ym Sagoz the Greedy
   858 | D:1      | Reached skill level 3 in Fighting
   863 | D:1      | Learned a level 2 spell: Scorch
  1680 | D:2      | Reached XP level 3. HP: 37/37 MP: 3/6
  1945 | D:2      | Found an opulent altar of Gozag.
  2179 | D:2      | Reached skill level 4 in Fighting
  2634 | D:3      | Reached XP level 4. HP: 47/48 MP: 1/9
  3760 | D:3      | Reached XP level 5. HP: 54/54 MP: 9/11
  3963 | D:4      | Noticed Eustachio
  3976 | D:3      | Killed Eustachio
  3977 | D:3      | Reached skill level 6 in Fighting
  3977 | D:3      | Reached XP level 6. HP: 32/67 MP: 4/12
  4215 | D:4      | Noticed Edmund
  4273 | D:5      | Entered Level 5 of the Dungeon
  4292 | D:5      | Found Bysixt's Armour Boutique.
  4498 | D:5      | Reached skill level 5 in Spellcasting
  4498 | D:5      | Reached skill level 1 in Short Blades
  4606 | D:5      | Reached XP level 7. HP: 55/76 MP: 12/14
  4610 | D:5      | Learned a level 3 spell: Inner Flame
  4737 | D:5      | Found Kuyhy's Jewellery Shop.
  4796 | D:5      | Found Nampesa's General Store.
  4828 | D:5      | Bought 2 potions of degeneration for 20 gold pieces
  4828 | D:5      | Bought a potion of resistance for 100 gold pieces
  4828 | D:5      | Bought a book of Fire for 440 gold pieces
  4863 | D:5      | Found Nalloib's Distillery.
  4871 | D:5      | Found a broken altar of Ashenzari.
  4933 | D:5      | Found Firea's Weapon Shop.
  5072 | D:5      | Bought a potion of heal wounds for 70 gold pieces
  5098 | D:5      | Reached skill level 7 in Fighting
  5506 | D:6      | Found a glowing drain.
  5526 | Sewer    | Entered a sewer
  6660 | D:6      | Reached XP level 8. HP: 37/87 MP: 12/15
  7147 | D:6      | Reached skill level 5 in Fire Magic
  8029 | D:6      | Found a staircase to the Ecumenical Temple.
  8197 | D:7      | Reached skill level 1 in Conjurations
  8399 | D:7      | Found a sand-covered staircase.
  8404 | Ossuary  | Entered an ossuary
  8452 | Ossuary  | Your ally bog mummy died
  8468 | Ossuary  | Your ally bog mummy died
  8474 | Ossuary  | Reached XP level 9. HP: 42/93 MP: 4/17
  8480 | Ossuary  | Learned a level 5 spell: Fireball
  9113 | Ossuary  | Reached skill level 8 in Fighting
  9453 | D:7      | Noticed a cyclops
  9746 | D:7      | Killed a cyclops
  9747 | D:7      | Reached skill level 5 in Dodging
 10204 | D:8      | Reached skill level 9 in Fighting
 10561 | D:8      | Reached skill level 10 in Fighting
 10663 | D:8      | Reached XP level 10. HP: 102/110 MP: 8/20
 12238 | D:9      | Noticed Prince Ribbit
 12247 | D:9      | Killed Prince Ribbit
 12274 | D:9      | Paralysed by a hornet for 1 turns
 12595 | D:9      | Noticed Erica
 12611 | D:9      | Killed Erica
 13067 | D:9      | Noticed a two-headed ogre
 13910 | D:9      | Noticed a two-headed ogre
 13935 | D:9      | Learned a level 6 spell: Starburst
 14082 | D:9      | Noticed Psyche
 14085 | D:9      | Killed Psyche
 14269 | D:9      | Reached skill level 5 in Conjurations
 14740 | D:10     | Entered Level 10 of the Dungeon
 15111 | D:10     | Reached XP level 11. HP: 117/117 MP: 4/23
 15809 | D:10     | Found an opulent altar of Gozag.
 15809 | D:10     | Found an iron altar of Okawaru.
 15817 | D:10     | Found an ancient bone altar of Kikubaaqudgha.
 15817 | D:10     | Found a radiant altar of Vehumet.
 15821 | D:10     | Found a glowing golden altar of the Shining One.
 15990 | D:10     | Identified the +8 war axe of Corruption {vamp, rElec rPois
                  | Dex+3 Stlth+}
 15994 | D:10     | Found a staircase to the Lair.
 16371 | D:10     | Reached skill level 11 in Fighting
 16702 | D:11     | Noticed a manticore
 16725 | D:11     | Killed a manticore
 17387 | D:11     | Noticed a boulder beetle
 17432 | Lair:1   | Entered Level 1 of the Lair of Beasts
 17811 | Lair:1   | Noticed a five-headed hydra
 17862 | Lair:1   | Killed a seven-headed hydra
 17863 | Lair:1   | Reached skill level 1 in Evocations
 18805 | Lair:1   | Reached XP level 12. HP: 110/130 MP: 3/24
 19733 | Lair:1   | Reached skill level 5 in Evocations
 19733 | Lair:1   | Reached XP level 13. HP: 137/137 MP: 24/26
 19862 | Lair:2   | Noticed Gastronok
 20654 | Lair:2   | Killed Gastronok
 20655 | Lair:2   | Reached skill level 10 in Fire Magic
 21140 | Lair:2   | Noticed Nergalle
 21498 | Lair:2   | Killed from afar by Nergalle

Illustrated notes

Levels and vault maps discovered:
D:1:      dpeg_arrival_signposts, layout_basic,
          dreamdust_ecumenical_altar_grove, minmay_worlds_worst_comb
D:2:      layout_basic, basic_altar
D:3:      minmay_chambers_of_threes, layout_loops_ring
D:4:      layout_basic, nicolae_uskayaw_en_pointe,
          gammafunk_temple_overflow_wave, uniq_edmund, uniq_eustachio,
          uniq_sigmund
D:5:      layout_rooms, mainiacjoe_overflow_brackets, serial_shops, shop, shop,
          shop, nicolae_square_shop, nicolae_lakefront_shop
D:6:      layout_basic, temple_hall_moat, cheibrodos_sewer_entry_bend,
          nicolae_figureground_sparkle
D:7:      layout_loops_ring, enter_ossuary_2
D:8:      layout_loops_corners
D:9:      kennysheep_blocky_hall, layout_loops_ring, minmay_misc_feat_roman,
          lemuel_flamethrower_2, uniq_psyche, uniq_erica, uniq_prince_ribbit1
D:10:     layout_stronghold, minitemple, erik_lair_island, grunt_ministairs_9
D:11:     layout_rooms, orc_0_dummy, gauntlet_entry_generic,
          chequers_serial_rivers_room_a, st_stairs_1
Lair:1:   layout_loops_ring, serial_bayou_shore_b, grunt_megastairs_4,
          serial_bayou_shore_b
Lair:2:   layout_hall_layers, minmay_snake_entry_six_corridors, uniq_maggie,
          uniq_gastronok, uniq_nergalle

Skill      XL: |  1  2  3  4  5  6  7  8  9 10 11 12 13 |
---------------+----------------------------------------+-----
Fighting       | 2 3 4 6 7 10 11 | 11.9
Spellcasting   | 3 4 5 6 8 9 |  9.0
Fire Magic     | 3 6 8 9 10 | 10.0
Short Blades   | 2 4 |  4.0
Dodging        | 3 5 |  5.0
Stealth        | 3 |  3.0
Conjurations   | 3 4 5 8 |  8.7
Evocations     | 4 5 6 |  6.0
Axes           | 3 |  3.3

Action                   |  1- 3 |  4- 6 |  7- 9 | 10-12 | 13-15 || total
-------------------------+-------+-------+-------+-------+-------++-------
Melee: Unarmed           |    12 |       |       |       |       ||    12
       Spear             |    10 |    26 |       |       |       ||    36
       Dagger            |       |    16 |       |       |       ||    16
       Rapier            |       |    17 |    85 |   101 |       ||   203
       Punch             |       |     1 |       |     3 |     1 ||     5
       War axe           |       |       |       |    74 |    39 ||   113
Throw: Throwing net      |       |     2 |       |       |       ||     2
 Cast: Foxfire           |    60 |    12 |    98 |    16 |     4 ||   190
       Scorch            |    19 |    36 |    67 |    20 |       ||   142
       Inner Flame       |       |       |     9 |    13 |     2 ||    24
       Fireball          |       |       |    11 |    77 |     6 ||    94
       Starburst         |       |       |       |    13 |     8 ||    21
Evoke: Wand              |       |       |    11 |     6 |     3 ||    20
       Tin of tremorston |       |       |       |       |     2 ||     2
  Use: Scroll            |       |     6 |    10 |    10 |     2 ||    28
       Potion            |       |     1 |     1 |     1 |       ||     3
 Stab: Distracted        |       |       |     1 |       |       ||     1
Armor: Robe              |    20 |    21 |    68 |   101 |    31 ||   241
       Skin              |       |       |     4 |       |       ||     4
Dodge: Dodged            |    28 |    37 |    90 |   136 |    62 ||   353

Table legend: (Time is in decaauts)
 A = Elapsed time spent in this place.
 B = Non-inter-level travel time spent in this place.
 C = Inter-level travel time spent in this place.
 D = Time resting spent in this place.
 E = Time spent auto-exploring this place.
 F = Levels seen in this place.
 G = Mean time per level.
                   A        B        C        D        E       F      G
               +--------+--------+--------+--------+--------+-----+--------+
         Total |  21775 |  21097 |    678 |   3982 |  14250 |  15 | 1451.7 |
       Dungeon |  15429 |  14851 |    578 |   1798 |  10992 |  11 | 1402.6 |
          Lair |   4105 |   4005 |    100 |   2171 |   1441 |   2 | 2052.5 |
         Sewer |   1171 |   1171 |      0 |      3 |    959 |   1 | 1171.0 |
       Ossuary |   1068 |   1068 |      0 |     10 |    857 |   1 | 1068.0 |
               +--------+--------+--------+--------+--------+-----+--------+

Top non-repeatable levels by time:
  Lair:1: 3831 daAuts
     D:9: 2674 daAuts
     D:8: 2251 daAuts
    D:10: 2226 daAuts
     D:1: 1731 daAuts
     D:6: 1669 daAuts
     D:3: 1544 daAuts
   Sewer: 1171 daAuts
     D:5: 1130 daAuts
 Ossuary: 1068 daAuts
     D:7: 1061 daAuts
     D:2: 877 daAuts
  Lair:2: 274 daAuts
    D:11: 149 daAuts
     D:4: 113 daAuts
